MLB
WASHINGTON NATIONALS @ PHILADELPHIA PHILLIES
08/04/2026
 
TOP OF THE 1ST
Washington Nationals batting - Pitching for Philadelphia Phillies : RHP R.J. Hansen
Pitching: RHP R.J. Hansen
Batting: RHB Chris Jarvis 0-0: Called Strike
0-1: Swinging Strike
0-2: SINGLE (Groundball, 6MD, EV 83 MPH)
Batting: LHB Greg Bird 0-0: Called Strike
0-1: Ball
Chris Jarvis is caught stealing 2nd base 2-6
1-1: Called Strike
1-2: Ball
2-2: Strikes out swinging
Batting: RHB Manny Machado 0-0: Ground out 6-3 (Groundball, 6, EV 81 MPH)
Top of the 1st over - 0 runs, 1 hit, 0 errors, 0 left on base; Washington 0 - Philadelphia 0
BOTTOM OF THE 1ST
Philadelphia Phillies batting - Pitching for Washington Nationals : RHP Kirk Griffith
Pitching: RHP Kirk Griffith
Batting: SHB Francisco Lindor 0-0: Called Strike
0-1: Ball
1-1: Ball
2-1: Foul Ball, location: 2RF
2-2: Ball
3-2: Strikes out swinging
Batting: LHB Ernesto Almirón 0-0: Fly out, F7 (Flyball, 78D, EV 102 MPH)
Batting: RHB Maikel Franco 0-0: Called Strike
0-1: Ground out 5-3 (Groundball, 15, EV 112 MPH)
Bottom of the 1st over - 0 runs, 0 hits, 0 errors, 0 left on base; Washington 0 - Philadelphia 0
TOP OF THE 2ND
Washington Nationals batting - Pitching for Philadelphia Phillies : RHP R.J. Hansen
Batting: LHB Bryce Harper 0-0: Ball
1-0: Ball
2-0: Ground out U3 (Groundball, 34S, EV 74 MPH)
Batting: RHB Michael Choice 0-0: Foul Ball, location: 2F
0-1: Ball
1-1: Ball
2-1: Ball
3-1: Base on Balls
Batting: RHB Oscar Hernandez 0-0: Foul Ball, location: 2F
0-1: Foul Ball, location: 9LSF
0-2: Foul Ball, location: 9LDF
0-2: Ball
1-2: Foul Ball, location: 2F
1-2: SINGLE (Groundball, 6MD, EV 87 MPH)
Michael Choice to second
Batting: RHB Nick Castellanos 0-0: Ball
1-0: Ball
2-0: Ball
3-0: Called Strike
3-1: Foul Ball, location: 2F
3-2: Grounds into double play, 3-6-1 (Groundball, 34S, EV 75 MPH)
Top of the 2nd over - 0 runs, 1 hit, 0 errors, 1 left on base; Washington 0 - Philadelphia 0
BOTTOM OF THE 2ND
Philadelphia Phillies batting - Pitching for Washington Nationals : RHP Kirk Griffith
Batting: LHB Jonas Lantigua 0-0: Ball
1-0: Swinging Strike
1-1: Foul Ball, location: 2F
1-2: Ball
2-2: Ball
3-2: Foul Ball, location: 7LMF
3-2: SOLO HOME RUN (Flyball, 89XD, EV 107 MPH), Distance : 423 ft
Batting: RHB Ryan McBroom 0-0: Called Strike
0-1: Ball
1-1: Ball
2-1: SINGLE (Line Drive, 9, EV 90 MPH)
Batting: LHB Ivan Hakanson 0-0: Called Strike
0-1: SINGLE (Groundball, 4MD, EV 86 MPH)
Ryan McBroom to second
Batting: RHB Michael Garnier 0-0: Ball
1-0: Ball
2-0: Called Strike
2-1: Called Strike
2-2: Ball
3-2: Base on Balls
Ryan McBroom to third
Ivan Hakanson to second
Batting: LHB Jake Turnbull 0-0: Swinging Strike
0-1: Foul Ball, location: 5SF
0-2: Ball
1-2: Ball
2-2: Fly out, F4 (Popup, 4MD, EV 58 MPH)
Batting: RHB Brandon Diaz 0-0: Ball
1-0: Called Strike
1-1: Foul Ball, location: 2F
1-2: Ball
2-2: Ball
3-2: Base on Balls
Ryan McBroom scores
Ivan Hakanson to third
Michael Garnier to second
Batting: SHB Francisco Lindor 0-0: Foul Ball, location: 3F
0-1: Foul Ball, location: 7LMFF
0-2: Ball
1-2: Ball
2-2: Ball
3-2: Base on Balls
Ivan Hakanson scores
Michael Garnier to third
Brandon Diaz to second
Batting: LHB Ernesto Almirón 0-0: Ball
1-0: Swinging Strike
1-1: Ball
2-1: GRAND SLAM HOME RUN (Flyball, 9D, EV 106 MPH), Distance : 406 ft
Batting: RHB Maikel Franco 0-0: Called Strike
0-1: Swinging Strike
0-2: Strikes out swinging
Batting: LHB Jonas Lantigua 0-0: Ball
1-0: Swinging Strike
1-1: Ball
2-1: Ball
3-1: Base on Balls
Pitching: RHP Jake Bray
Batting: RHB Ryan McBroom 0-0: Swinging Strike
0-1: Ground out 1-3 (Groundball, P, EV 92 MPH)
Bottom of the 2nd over - 7 runs, 4 hits, 0 errors, 1 left on base; Washington 0 - Philadelphia 7
TOP OF THE 3RD
Washington Nationals batting - Pitching for Philadelphia Phillies : RHP R.J. Hansen
Batting: LHB David Dahl 0-0: Fly out, F7 (Flyball, 78M, EV 87 MPH)
Batting: LHB Shane Mardirosian 0-0: Ball
1-0: Called Strike
1-1: Fly out, F7 (Line Drive, 7, EV 72 MPH)
Batting: RHB Chris Jarvis 0-0: Called Strike
0-1: Ball
1-1: Called Strike
1-2: Fly out, F9 (Flyball, 9LM, EV 86 MPH)
Top of the 3rd over - 0 runs, 0 hits, 0 errors, 0 left on base; Washington 0 - Philadelphia 7
BOTTOM OF THE 3RD
Philadelphia Phillies batting - Pitching for Washington Nationals : RHP Jake Bray
Batting: LHB Ivan Hakanson 0-0: Ball
1-0: Foul Ball, location: 2F
1-1: Fly out, F5 (Popup, 56S, EV 68 MPH)
Batting: RHB Michael Garnier 0-0: Called Strike
0-1: Called Strike
0-2: Ball
1-2: Ball
2-2: SINGLE (Line Drive, 7LD, EV 106 MPH)
Batting: LHB Jake Turnbull 0-0: Called Strike
0-1: Foul Ball, location: 23F
0-2: SINGLE (Groundball, 56S, EV 80 MPH) (infield hit)
Michael Garnier to second
Batting: RHB Brandon Diaz 0-0: Ball
1-0: Called Strike
1-1: Ball
2-1: Ball
3-1: Base on Balls
Michael Garnier to third
Jake Turnbull to second
Batting: SHB Francisco Lindor 0-0: DOUBLE (Line Drive, 8RD, EV 88 MPH)
Michael Garnier scores
Jake Turnbull scores
Brandon Diaz to third
Runner from 3rd tries for Home, SAFE, no throw by CF
Batting: LHB Ernesto Almirón 0-0: Ball
1-0: Ball
2-0: Called Strike
2-1: Swinging Strike
2-2: Strikes out swinging
Batting: RHB Maikel Franco 0-0: Ball
1-0: Foul Ball, location: 2F
1-1: SINGLE (Line Drive, 9S, EV 92 MPH)
Francisco Lindor to third
Runner from 3rd tries for Home, SAFE, throw by RF to home
Pitching: RHP Jim McCain
Batting: LHB Jonas Lantigua 0-0: Ball
1-0: Called Strike
1-1: Called Strike
1-2: Foul Ball, location: 3F
1-2: Ball
2-2: Ball
3-2: Base on Balls
Maikel Franco to second
Batting: RHB Ryan McBroom 0-0: Ball
1-0: Ball
2-0: Ball
3-0: Called Strike
3-1: Foul Ball, location: 5F
3-2: Foul Ball, location: 3SF
3-2: Fly out, F9 (Line Drive, 9, EV 97 MPH)
Bottom of the 3rd over - 4 runs, 4 hits, 0 errors, 2 left on base; Washington 0 - Philadelphia 11
TOP OF THE 4TH
Washington Nationals batting - Pitching for Philadelphia Phillies : RHP R.J. Hansen
Batting: LHB Greg Bird 0-0: Ball
1-0: Foul Ball, location: 2F
1-1: Swinging Strike
1-2: Ball
2-2: Strikes out swinging
Batting: RHB Manny Machado 0-0: Called Strike
0-1: Ball
1-1: Foul Ball, location: 9LDF
1-2: Ball
2-2: Ball
3-2: Base on Balls
Batting: LHB Bryce Harper 0-0: DOUBLE (Line Drive, 78D, EV 103 MPH)
Manny Machado to third
Batting: RHB Michael Choice 0-0: Called Strike
0-1: Ball
1-1: Foul Ball, location: 2F
1-2: Ball
2-2: Ball
3-2: Foul Ball, location: 2F
3-2: Foul Ball, location: 23F
3-2: Fly out, F9 (Flyball, 89D, EV 100 MPH)
Runner from 3rd tags up, SCORES, no throw by RF
Batting: RHB Oscar Hernandez 0-0: Fly out, F7 (Line Drive, 7, EV 74 MPH)
Top of the 4th over - 1 run, 1 hit, 0 errors, 1 left on base; Washington 1 - Philadelphia 11
BOTTOM OF THE 4TH
Philadelphia Phillies batting - Pitching for Washington Nationals : RHP Jim McCain
Batting: LHB Ivan Hakanson 0-0: Ball
1-0: Called Strike
1-1: Ball
2-1: Ball
3-1: Base on Balls
Batting: RHB Michael Garnier 0-0: Swinging Strike
0-1: Called Strike
0-2: Ball
1-2: Ball
2-2: Ball
3-2: Base on Balls
Ivan Hakanson to second
Batting: LHB Jake Turnbull 0-0: Foul Ball, location: 3FF
0-1: Ball
1-1: Foul Ball, location: 25F
1-2: Strikes out swinging
Pitching: RHP Yimi Garcia
Batting: RHB Brandon Diaz 0-0: Foul Ball, location: 9LSF
0-1: Foul Ball, location: 23F
0-2: Foul Ball, location: 2F
0-2: Strikes out swinging
Batting: SHB Francisco Lindor 0-0: Ball
1-0: Called Strike
1-1: Ground out 4-3 (Groundball, 4S, EV 79 MPH)
Bottom of the 4th over - 0 runs, 0 hits, 0 errors, 2 left on base; Washington 1 - Philadelphia 11
TOP OF THE 5TH
Washington Nationals batting - Pitching for Philadelphia Phillies : RHP R.J. Hansen
Batting: RHB Nick Castellanos 0-0: Fly out, F9 (Line Drive, 9D, EV 87 MPH)
Batting: LHB David Dahl 0-0: Called Strike
0-1: Hit by Pitch
Batting: LHB Shane Mardirosian 0-0: Ball
1-0: Foul Ball, location: 2F
1-1: Ball
2-1: Ball
3-1: Base on Balls
David Dahl to second
Batting: RHB Chris Jarvis 0-0: Foul Ball, location: 9LSF
0-1: SINGLE (Groundball, 3D, EV 82 MPH)
David Dahl to third
Shane Mardirosian to second
Runner from 3rd tries for Home, SAFE, throw by RF to home
Shane Mardirosian to third
Chris Jarvis to second
Batting: LHB Greg Bird 0-0: Called Strike
0-1: Ball
1-1: Ground out U3 (Groundball, 13, EV 61 MPH)
Shane Mardirosian scores
Chris Jarvis to third
Batting: RHB Manny Machado 0-0: Swinging Strike
0-1: Ball
1-1: Foul Ball, location: 3F
1-2: Strikes out swinging
Top of the 5th over - 2 runs, 1 hit, 0 errors, 1 left on base; Washington 3 - Philadelphia 11
BOTTOM OF THE 5TH
Philadelphia Phillies batting - Pitching for Washington Nationals : RHP Yimi Garcia
Batting: LHB Ernesto Almirón 0-0: Ball
1-0: Swinging Strike
1-1: Ball
2-1: Foul Ball, location: 2F
2-2: Ground out U3 (Groundball, 34, EV 111 MPH)
Batting: RHB Maikel Franco 0-0: Ball
1-0: Ball
2-0: Called Strike
2-1: Fly out, F9 (Flyball, 9D, EV 111 MPH)
Batting: LHB Jonas Lantigua 0-0: Called Strike
0-1: Foul Ball, location: 2F
0-2: Ball
1-2: Foul Ball, location: 9LDF
1-2: Ground out U3 (Groundball, 3S, EV 70 MPH)
Bottom of the 5th over - 0 runs, 0 hits, 0 errors, 0 left on base; Washington 3 - Philadelphia 11
TOP OF THE 6TH
Washington Nationals batting - Pitching for Philadelphia Phillies : RHP R.J. Hansen
Batting: LHB Bryce Harper 0-0: Ball
1-0: Ball
2-0: Foul Ball, location: 9LDF
2-1: Ground out 4-3 (Groundball, 4S, EV 81 MPH)
Batting: RHB Michael Choice 0-0: Called Strike
0-1: Ball
1-1: Ball
2-1: Fly out, F7 (Line Drive, 7, EV 94 MPH)
Batting: RHB Oscar Hernandez 0-0: Ball
1-0: Swinging Strike
1-1: Ball
2-1: Foul Ball, location: 9LMF
2-2: Ball
3-2: Ground out 6-3 (Groundball, 6S, EV 66 MPH)
Top of the 6th over - 0 runs, 0 hits, 0 errors, 0 left on base; Washington 3 - Philadelphia 11
BOTTOM OF THE 6TH
Philadelphia Phillies batting - Pitching for Washington Nationals : RHP Yimi Garcia
Batting: RHB Ryan McBroom 0-0: Ball
1-0: Foul Ball, location: 9LDF
1-1: Ball
2-1: Swinging Strike
2-2: Ball
3-2: Base on Balls
Batting: LHB Ivan Hakanson 0-0: SINGLE (Groundball, 4D, EV 87 MPH)
Ryan McBroom to second
Runner from 2nd tries for 3rd, SAFE, throw by RF made to third
Batting: RHB Michael Garnier 0-0: Foul Ball, location: 5FF
0-1: Ball
1-1: Ball
2-1: Foul Ball, location: 9LDF
2-2: Ball
3-2: Ground out 5-3 (Groundball, 5S, EV 60 MPH)
Ryan McBroom scores
Ivan Hakanson to second
Batting: LHB Jake Turnbull 0-0: Ball
1-0: Foul Ball, location: 7LDF
1-1: Fly out, F9 (Flyball, 9S, EV 88 MPH)
Batting: RHB Brandon Diaz 0-0: Called Strike
0-1: Ball
1-1: Fly out, F4 (Popup, 23, EV 53 MPH)
Bottom of the 6th over - 1 run, 1 hit, 0 errors, 1 left on base; Washington 3 - Philadelphia 12
TOP OF THE 7TH
Washington Nationals batting - Pitching for Philadelphia Phillies : RHP R.J. Hansen
Pinch Hitting: LHB Joe Wendle 0-0: Ball
1-0: Called Strike
1-1: Swinging Strike
1-2: Strikes out looking
Pinch Hitting: RHB Monte Harrison 0-0: Reached on error, E6 (Groundball, 6MS, EV 56 MPH)
Batting: LHB Shane Mardirosian 0-0: Swinging Strike
0-1: SINGLE (Groundball, 4S, EV 72 MPH) (infield hit)
Monte Harrison to third
Batting: RHB Chris Jarvis 0-0: Ball
Shane Mardirosian takes 2nd base (defensive indifference)
1-0: Ball
2-0: Called Strike
2-1: Ball
3-1: Base on Balls
Pitching: LHP Miguel Angel Martínez
Batting: LHB Greg Bird 0-0: Ball
1-0: Foul Ball, location: 3F
1-1: Ball
2-1: Ball
3-1: Base on Balls
Monte Harrison scores
Shane Mardirosian to third
Chris Jarvis to second
Batting: RHB Manny Machado 0-0: Ball
1-0: Fly out, F9 (Flyball, 89M, EV 79 MPH)
Runner from 3rd tags up, SCORES, throw by RF
Chris Jarvis to third
Pinch Hitting: RHB Sean Daniels 0-0: Ball
Wild Pitch!
Chris Jarvis scores
Greg Bird to second
1-0: Foul Ball, location: 3FF
1-1: Called Strike
1-2: Fly out, F9 (Flyball, 9D, EV 88 MPH)
Top of the 7th over - 3 runs, 1 hit, 1 error, 1 left on base; Washington 6 - Philadelphia 12
BOTTOM OF THE 7TH
Philadelphia Phillies batting - Pitching for Washington Nationals : RHP Yimi Garcia
Pitching: LHP Alejandro Viloria
Now at 1B: Joe Wendle
Now in CF: Monte Harrison
Now in RF: Sean Daniels
Batting: SHB Francisco Lindor 0-0: Ball
1-0: Foul Ball, location: 2F
1-1: Fly out, F5 (Popup, 56, EV 58 MPH)
Batting: LHB Ernesto Almirón 0-0: Ball
1-0: Ball
2-0: SINGLE (Groundball, 4MD, EV 87 MPH)
Batting: RHB Maikel Franco 0-0: Called Strike
0-1: Ball
1-1: Swinging Strike
1-2: Ball
2-2: Foul Ball, location: 2F
2-2: 2-RUN HOME RUN (Flyball, 89XD, EV 111 MPH), Distance : 417 ft
Batting: LHB Jonas Lantigua 0-0: Called Strike
0-1: Ball
1-1: Ball
2-1: Foul Ball, location: 2F
2-2: Fly out, F8 (Flyball, 8LD, EV 101 MPH)
Batting: RHB Ryan McBroom 0-0: Ball
1-0: Ball
2-0: Ball
3-0: Called Strike
3-1: Called Strike
3-2: Strikes out swinging
Bottom of the 7th over - 2 runs, 2 hits, 0 errors, 0 left on base; Washington 6 - Philadelphia 14
TOP OF THE 8TH
Washington Nationals batting - Pitching for Philadelphia Phillies : LHP Miguel Angel Martínez
Batting: RHB Michael Choice 0-0: Swinging Strike
0-1: Called Strike
0-2: Ball
1-2: Fly out, F3 (Popup, 3F, EV 55 MPH)
Batting: RHB Oscar Hernandez 0-0: Swinging Strike
0-1: Fly out, F7 (Flyball, 7, EV 98 MPH)
Batting: LHB Joe Wendle 0-0: Called Strike
0-1: Ball
1-1: Ball
2-1: Swinging Strike
2-2: Strikes out swinging
Top of the 8th over - 0 runs, 0 hits, 0 errors, 0 left on base; Washington 6 - Philadelphia 14
BOTTOM OF THE 8TH
Philadelphia Phillies batting - Pitching for Washington Nationals : LHP Alejandro Viloria
Pitching: RHP Ken Giles
Batting: LHB Ivan Hakanson 0-0: Ball
1-0: Ball
2-0: Foul Ball, location: 7LMF
2-1: Fly out, F9 (Flyball, 89M, EV 81 MPH)
Batting: RHB Michael Garnier 0-0: Foul Ball, location: 2F
0-1: Ball
1-1: Ball
2-1: Ball
3-1: SINGLE (Line Drive, 9LD, EV 86 MPH)
Batting: LHB Jake Turnbull 0-0: Fly out, F9 (Flyball, 9LM, EV 86 MPH)
Batting: RHB Brandon Diaz 0-0: Called Strike
0-1: Foul Ball, location: 2F
0-2: Ball
1-2: Strikes out swinging
Bottom of the 8th over - 0 runs, 1 hit, 0 errors, 1 left on base; Washington 6 - Philadelphia 14
TOP OF THE 9TH
Washington Nationals batting - Pitching for Philadelphia Phillies : LHP Miguel Angel Martínez
Batting: RHB Monte Harrison 0-0: Ground out 6-3 (Groundball, 6S, EV 93 MPH)
Batting: LHB Shane Mardirosian 0-0: Fly out, F9 (Line Drive, 9D, EV 85 MPH)
Batting: RHB Chris Jarvis 0-0: Called Strike
0-1: Ground out 4-3 (Groundball, 4M, EV 54 MPH)
Top of the 9th over - 0 runs, 0 hits, 0 errors, 0 left on base; Washington 6 - Philadelphia 14
Tuesday, August 4th , 2026 - OOTP Baseball 27.4 Build 76